 Dungeon Crawl Stone Soup version 0.28.0-43-g3370ac3207 (webtiles) character file.

Game seed: 7214755317291650505

277 Ablot the Grasshopper (level 6, -5/50 HPs)
             Began as a Gnoll Warper on Feb 28, 2022.
             Killed from afar by Dowan (14 damage)
             ... with a shard of ice
             ... on level 4 of the Dungeon.
             The game lasted 00:05:01 (3723 turns).

Ablot the Grasshopper (Gnoll Warper)                Turns: 3723, Time: 00:05:02

Health: -5/50      AC:  5    Str: 12    XL:     6   Next: 25%
Magic:  10/14      EV: 14    Int: 12    God:
Gold:   165        SH:  0    Dex: 18    Spells: 11/15 levels left

rFire   . . .      SeeInvis .   w - +4 hunting sling
rCold   + . .      Faith    .   (no shield)
rNeg    . . .      Spirit   .   u - +1 robe {rC+}
rPois   .          Reflect  .   x - +0 helmet
rElec   .          Harm     .   (no cloak)
rCorr   .          Rampage  .   m - +0 pair of gloves
Will    +....                   (no boots)
Stlth   ++........              q - amulet of the acrobat
HPRegen 0.16/turn               h - +6 ring of dexterity
MPRegen 0.14/turn               b - ring of willpower

@: no status effects
A: fangs 1, strong nose, distributed training
a: no special abilities


You were on level 4 of the Dungeon.
You visited 1 branch of the dungeon, and saw 4 of its levels.

You collected 165 gold pieces.

Inventory:

Hand Weapons
 a - a +0 trident
 v - a +2 hand axe of flaming
 w - a +4 hunting sling (weapon)
Missiles
 d - 5 boomerangs of dispersal
 e - 115 stones
 l - 32 bolts
 o - 28 sling bullets (quivered ammo)
 B - 14 arrows
Armour
 m - a +0 pair of gloves (worn)
 u - a +1 robe of cold resistance (worn)
 x - a +0 helmet (worn)
Jewellery
 b - a ring of willpower (right hand)
 h - a +6 ring of dexterity (left hand)
 i - an amulet of faith
 q - an amulet of the acrobat (around neck)
Scrolls
 c - a scroll of blinking
 f - 6 scrolls of teleportation {unknown}
 k - 2 scrolls of fear {unknown}
 n - a scroll of summoning {unknown}
 p - 8 scrolls of identify {unknown}
 s - a scroll of enchant armour {unknown}
 t - a scroll of brand weapon {unknown}
 y - a scroll of fog {unknown}
 A - a scroll of vulnerability {unknown}
Potions
 g - a potion of heal wounds {unknown}
 j - 2 potions of degeneration {unknown}
 r - a potion of resistance {unknown}
 z - a potion of might {unknown}


   Skills:
 + Level 4.9 Fighting
 + Level 1.9 Short Blades
 + Level 1.9 Long Blades
 + Level 1.9 Axes
 + Level 1.9 Maces & Flails
 + Level 4.9 Polearms
 + Level 1.9 Staves
 + Level 1.9 Slings
 + Level 1.9 Bows
 + Level 1.9 Crossbows
 + Level 3.2 Throwing
 + Level 3.2 Armour
 + Level 4.9 Dodging
 + Level 1.9 Stealth
 + Level 1.9 Shields
 + Level 1.9 Unarmed Combat
 + Level 5.3 Spellcasting
 + Level 1.5 Conjurations
 + Level 1.5 Hexes
 + Level 1.5 Summonings
 + Level 1.5 Necromancy
 + Level 5.6 Translocations
 + Level 1.5 Transmutations
 + Level 1.5 Fire Magic
 + Level 1.5 Ice Magic
 + Level 1.5 Air Magic
 + Level 1.5 Earth Magic
 + Level 1.5 Poison Magic
 + Level 2.1 Invocations
 + Level 1.9 Evocations


You had 11 spell levels left.
You knew the following spells:

 Your Spells              Type           Power      Damage    Failure   Level
a - Blink                 Tloc           32%        N/A       2%          2
b - Wereblood             Tmut           6%         N/A       16%         2

Your spell library contained the following spells:

 Spells                   Type           Power      Damage    Failure   Level
 Gell's Gravitas          Tloc           16%        N/A       5%          3
 Lesser Beckoning         Tloc           16%        N/A       5%          3
 Teleport Other           Tloc           16%        N/A       5%          3
 Beastly Appendage        Tmut           12%        N/A       11%         1
 Foxfire                  Conj/Fire      24%        2x1d5     11%         1
 Spider Form              Tmut/Pois      6%         N/A       30%         3
 Manifold Assault         Tloc           16%        N/A       45%         5


Dungeon Overview and Level Annotations

Branches:
Dungeon (4/15)
 Temple: D:4-7

Altars:
Dithmenos
Hepliaklqana
Yredelemnul

Annotations:
D:4 Dowan


Innate Abilities, Weirdness & Mutations

You have very sharp teeth.
Your uncanny sense of smell can sniff out nearby items.
Your experience applies equally to all skills.


Message History

You shoot a sling bullet. The sling bullet hits the ogre.
The ogre is heavily wounded.
Dowan gestures wildly while chanting.
Dowan blinks!
Fire: 33 sling bullets
Press: ? - help, Q - select action, (/) - cycle Shift-Dir - straight line, f/p - ogre
Aim: an ogre, wielding a +0 giant club (heavily wounded, 79% to hit)
You shoot a sling bullet.
The sling bullet hits Duvessa but does no damage.
Duvessa is almost dead.
Fire: 32 sling bullets
Press: ? - help, Q - select action, (/) - cycle Shift-Dir - straight line, f/p - ogre
Aim: an ogre, wielding a +0 giant club (heavily wounded, 79% to hit)
You shoot a sling bullet. The sling bullet hits the ogre!
The ogre is almost dead.
You feel stable enough to blink again.
Fire: 31 sling bullets
Press: ? - help, Q - select action, (/) - cycle Shift-Dir - straight line, f/p - ogre
Aim: an ogre, wielding a +0 giant club (almost dead, 79% to hit)
You shoot a sling bullet. The sling bullet hits Duvessa!
You kill Duvessa!
Dowan's eyes darken. "You have made a black mistake."
Dowan seems to find hidden reserves of power!
Your Invocations skill increases to level 2!
You have reached level 6!
Fire: 30 sling bullets
Press: ? - help, Q - select action, (/) - cycle Shift-Dir - straight line, f/p - ogre
Aim: an ogre, wielding a +0 giant club (almost dead, 79% to hit)
You shoot a sling bullet.
The sling bullet barely misses the ogre.
The sling bullet hits Dowan.
Dowan is moderately wounded.
Fire: 29 sling bullets
Press: ? - help, Q - select action, (/) - cycle Shift-Dir - straight line, f/p - ogre
Aim: an ogre, wielding a +0 giant club (almost dead, 79% to hit)
You shoot a sling bullet. The sling bullet hits the ogre!
You kill the ogre!
Dowan casts a spell at you. The shard of ice hits you! You partially resist.
You die...

#.:....(.#
#.....((.#
#....(((.####
#........(...#
######e(.....#
#.........
#.........
##)........
#.@........
#..........
...........
####........
#?......#
#.......#
#...#####
#.###


You could see Dowan (fast).

Vanquished Creatures
  Duvessa (D:4)
  An ogre (D:4)
  An orc priest (D:3)
  A hound skeleton (D:4)
  5 adders
  4 worms
  3 dart slugs
  5 orcs
  10 ball pythons
  7 bats
  4 endoplasms
  4 giant cockroaches
  4 hobgoblins
  3 jackals (D:4)
  6 kobolds
  3 quokkas
  3 frilled lizards (D:1)
  4 goblins
  3 rats
72 creatures vanquished.

Notes
Turn   | Place    | Note
-------+----------+-------------------------------------------
     0 | D:1      | Ablot the Gnoll Warper began the quest for the Orb.
     0 | D:1      | Reached XP level 1. HP: 20/20 MP: 6/6
    82 | D:1      | Reached XP level 2. HP: 20/26 MP: 7/7
    85 | D:1      | Learned a level 2 spell: Blink
   677 | D:1      | Reached XP level 3. HP: 26/31 MP: 9/9
   753 | D:1      | Reached skill level 5 in Spellcasting
  1151 | D:1      | Reached skill level 1 in Invocations
  1279 | D:2      | Reached skill level 1 in Short Blades
  1279 | D:2      | Reached skill level 1 in Long Blades
  1279 | D:2      | Reached skill level 1 in Axes
  1279 | D:2      | Reached skill level 1 in Maces & Flails
  1279 | D:2      | Reached skill level 1 in Staves
  1279 | D:2      | Reached skill level 1 in Slings
  1279 | D:2      | Reached skill level 1 in Bows
  1279 | D:2      | Reached skill level 1 in Crossbows
  1279 | D:2      | Reached skill level 1 in Stealth
  1279 | D:2      | Reached skill level 1 in Shields
  1279 | D:2      | Reached skill level 1 in Unarmed Combat
  1279 | D:2      | Reached skill level 1 in Evocations
  1502 | D:2      | Reached XP level 4. HP: 28/38 MP: 11/11
  1633 | D:2      | Found a faded altar of an unknown god.
  1641 | D:2      | Got Plato's Reference Book on Fire
  2513 | D:3      | Reached skill level 1 in Conjurations
  2513 | D:3      | Reached skill level 1 in Hexes
  2513 | D:3      | Reached skill level 1 in Summonings
  2513 | D:3      | Reached skill level 1 in Necromancy
  2513 | D:3      | Reached skill level 1 in Transmutations
  2513 | D:3      | Reached skill level 1 in Fire Magic
  2513 | D:3      | Reached skill level 1 in Ice Magic
  2513 | D:3      | Reached skill level 1 in Air Magic
  2513 | D:3      | Reached skill level 1 in Earth Magic
  2513 | D:3      | Reached skill level 1 in Poison Magic
  2577 | D:3      | Found a hazy altar of Hepliaklqana.
  2728 | D:3      | Reached XP level 5. HP: 20/43 MP: 12/12
  3257 | D:3      | Found a basalt altar of Yredelemnul.
  3356 | D:4      | Noticed Duvessa
  3356 | D:4      | Noticed Dowan
  3356 | D:4      | Found a shadowy altar of Dithmenos.
  3644 | D:4      | Learned a level 2 spell: Wereblood
  3702 | D:4      | Noticed an ogre
  3721 | D:4      | Killed Duvessa
  3722 | D:4      | Reached XP level 6. HP: 8/50 MP: 9/14
  3723 | D:4      | Killed from afar by Dowan

Illustrated notes

Levels and vault maps discovered:
D:1:      wander_arrival_peaceful_grave, layout_basic
D:2:      layout_basic, shapermc_ecumenical_altar_rom_forum, serial_park_tiny_2,
          minmay_pentomino_z2
D:3:      layout_basic, overflow_temple_1_default, mainiacjoe_overflow_brackets
D:4:      layout_basic, grunt_dithmenos_smoke_and_mirrors,
          gup_sewer_entry_spiral, minmay_between, uniq_duvessa

Skill      XL: |  1  2  3  4  5 |
---------------+----------------+-----
Spellcasting   | 5 |  5.3
Invocations    | 1 2 |  2.1
Short Blades   | 1 |  1.9
Long Blades    | 1 |  1.9
Axes           | 1 |  1.9
Maces & Flails | 1 |  1.9
Staves         | 1 |  1.9
Slings         | 1 |  1.9
Bows           | 1 |  1.9
Crossbows      | 1 |  1.9
Stealth        | 1 |  1.9
Shields        | 1 |  1.9
Unarmed Combat | 1 |  1.9
Evocations     | 1 |  1.9
Conjurations   | 1 |  1.5
Hexes          | 1 |  1.5
Summonings     | 1 |  1.5
Necromancy     | 1 |  1.5
Transmutations | 1 |  1.5
Fire Magic     | 1 |  1.5
Ice Magic      | 1 |  1.5
Air Magic      | 1 |  1.5
Earth Magic    | 1 |  1.5
Poison Magic   | 1 |  1.5
Throwing       | 3 |  3.2
Armour         | 3 |  3.2
Fighting       | |  4.9
Polearms       | |  4.9
Dodging        | |  4.9
Translocations | |  5.6

Action                   |  1- 3 |  4- 6 || total
-------------------------+-------+-------++-------
Melee: Spear             |   153 |    31 ||   184
       Bite              |    10 |    15 ||    25
       Trident           |       |   110 ||   110
       Punch             |       |     8 ||     8
 Fire: Hunting sling     |       |    19 ||    19
 Cast: Blink             |       |     3 ||     3
 Stab: Sleeping          |     1 |     4 ||     5
Armor: Leather armour    |    25 |    11 ||    36
       Robe              |       |    19 ||    19
Dodge: Dodged            |    81 |   105 ||   186
